Map: Lerilak Crest

Players

Saadistic - Winner!

  • Race: Protoss Protoss

Aristocrat

  • Race: Zerg Zerg
  • League: Gold

VOD

Have the link to the VOD?

Description

Time

  • Played on: Nov. 14, 2015, 4:11 a.m.
  • Length: 12:20
Show
View Real Time Build Order
Export as new Build Order

Saadistic Protoss - Winner!

Build Orders:  

Get SALT Encoding   

  12  0:01  Probe (Chrono Boost)  
  13  0:16  Pylon  
  13  0:17  Probe (Chrono Boost)  
  14  0:28  Probe (Chrono Boost)  
  15  0:39  Gateway  
  15  0:41  Probe (Chrono Boost)  
  16  0:52  Probe (Chrono Boost)  
  16  0:54  Assimilator  
  16  0:57  Assimilator  
  17  1:02  Probe (Chrono Boost)  
  18  1:10  Pylon  
  18  1:13  Probe (Chrono Boost)  
  19  1:23  Probe (Chrono Boost)  
  20  1:29  Cybernetics Core  
  20  1:34  Zealot  
  20  1:37  Probe (Chrono Boost)  
  23  1:47  Probe (Chrono Boost)  
  24  1:58  Probe (Chrono Boost)  
  25  2:07  Robotics Facility  
  26  2:08  Probe (Chrono Boost)  
  26  2:12  Warp Gate (Chrono Boost)  
  26  2:22  Probe  
  27  2:25  Stalker  
  29  2:33  Pylon  
  29  2:35  Mothership Core  
  31  3:02  Observer  
  31  3:05  Probe  
  33  3:17  Probe  
  34  3:24  Gateway, Adept  
  34  3:25  Gateway  
  36  3:29  Probe  
  36  3:30  Pylon  
  37  3:48  Probe, Immortal  
  42  4:00  Adept  
  44  4:14  Adept x2  
  46  4:20  Pylon  
  46  4:30  Pylon  
  50  4:38  Immortal (Chrono Boost)  
  50  4:50  Sentry  
  50  4:51  Sentry x2  
  56  5:11  Pylon  
  56  5:12  Pylon  
  56  5:13  Immortal (Chrono Boost)  
  60  5:26  Nexus  
  58  5:39  Stalker x3  
  64  6:05  Assimilator  
  64  6:07  Immortal (Chrono Boost)  
  64  6:09  Probe, Assimilator  
  69  6:11  Pylon  
  69  6:23  Stalker x2  
  69  6:24  Stalker  
  75  6:28  Probe  
  76  6:36  Twilight Council  
  76  6:49  Adept x2  
  80  7:03  Probe  
  80  7:05  Probe  
  82  7:15  Templar Archives, Probe  
  83  7:16  Probe  
  84  7:26  Probe  
  84  7:27  Probe  
  86  7:36  Stalker x2  
  90  7:39  Probe  
  90  7:40  Probe  
  92  8:02  Immortal (Chrono Boost)  
  96  8:11  Nexus  
  96  8:21  Robotics Bay  
  96  8:27  Blink (Chrono Boost)  
  96  8:33  High Templar  
  96  8:34  High Templar  
  100  8:38  Archon  
  100  8:44  Pylon  
  100  9:00  Probe  
  100  9:02  Probe  
  102  9:10  Disruptor (Chrono Boost)  
  102  9:14  Stalker x2  
  109  9:18  Pylon  
  109  9:21  Pylon  
  109  9:22  Probe  
  109  9:23  Probe  
  111  9:33  Probe x2  
  111  9:35  Probe  
  114  9:44  Probe  
  115  9:51  Probe  
  115  9:53  Probe  
  115  9:54  Probe  
  115  9:58  Disruptor (Chrono Boost)  
  121  10:01  Stalker  
  121  10:02  Probe  
  121  10:03  High Templar x2  
  121  10:05  Probe  
  129  10:07  Archon  
  129  10:09  Probe  
  129  10:12  Probe  
  130  10:17  Probe  
  130  10:19  Probe  
  133  10:27  Pylon  
  133  10:29  Probe, Disruptor (Chrono Boost)  
  133  10:30  Probe  
  133  10:32  Pylon  
  138  10:50  Probe  
  138  10:51  Probe  
  138  10:54  Probe, Nexus  
  141  10:57  Assimilator  
  141  11:00  Probe  
  141  11:02  Assimilator  
  141  11:03  Pylon  
  142  11:06  Pylon  
  115  11:31  Stalker x3  
  117  11:33  Immortal (Chrono Boost)  
  113  11:54  Probe x2  
  113  11:55  Probe  
  113  11:56  Stalker x3  
  122  12:04  Probe x2  
  122  12:05  Gateway, Probe  
  122  12:06  Gateway  
  122  12:07  Probe  
  122  12:08  Gateway  
  126  12:14  Gateway  
  124  12:16  Gateway  
  124  12:18  Gateway  
Show
View Real Time Build Order
Export as new Build Order

Aristocrat Zerg 

Build Orders: Hatch First 

Get SALT Encoding   

  12  0:01  Drone  
  13  0:14  Overlord  
  13  0:17  Drone  
  14  0:26  Drone, Extractor  
  14  0:34  Drone  
  16  0:36  Drone  
  17  0:55  Hatchery  
  16  0:58  Drone  
  17  1:10  Spawning Pool  
  17  1:18  Drone, Extractor  
  17  1:19  Drone  
  17  1:30  Drone  
  18  1:38  Drone  
  19  1:43  Overlord  
  19  2:00  Zergling x2  
  20  2:01  Queen  
  20  2:03  Drone  
  23  2:15  Queen  
  23  2:17  Drone  
  23  2:18  Drone  
  27  2:34  Zergling x2  
  27  2:35  Zergling x6  
  31  2:42  Metabolic Boost  
  30  3:17  Roach Warren  
  29  3:29  Drone x4  
  29  3:30  Drone x3  
  29  3:31  Overlord x2  
  36  3:39  Lair  
  36  3:42  Extractor  
  32  4:16  Roach  
  37  4:17  Roach x7  
  47  4:25  Drone  
  47  4:27  Extractor  
  47  4:31  Roach x2  
  51  4:32  Overlord, Zergling x2  
  51  4:33  Overlord x2  
  52  4:45  Glial Reconstitution  
  52  4:53  Roach  
  52  4:55  Roach  
  52  4:58  Roach, Zergling x2  
  52  4:59  Zergling x6  
  61  5:23  Roach x3  
  61  5:24  Roach x3  
  65  5:47  Spine Crawler  
  65  5:49  Zergling x4  
  67  5:50  Spine Crawler, Roach x2, Zergling x4  
  71  5:58  Ravager x3  
  71  6:00  Ravager  
  75  6:05  Drone  
  75  6:43  Queen  
  70  7:03  Drone  
  70  7:04  Drone x5  
  70  7:08  Overlord x2  
  76  7:19  Hatchery, Overlord x2  
  75  7:35  Drone  
  75  7:36  Drone x5  
  81  7:41  Hydralisk Den  
  80  7:49  Nydus Network  
  79  7:52  Evolution Chamber  
  79  7:53  Ravager x2  
  79  7:54  Ravager x6  
  86  8:00  Drone  
  86  8:02  Roach x2  
  86  8:05  Roach  
  93  8:09  Roach  
  93  8:11  Roach  
  97  8:14  Roach  
  99  8:31  Roach  
  99  8:32  Overlord x2, Roach x2  
  105  8:41  Overlord  
  105  8:42  Overlord  
  105  8:49  Lurker Den  
  105  8:54  Roach  
  105  8:55  Roach x2  
  111  8:57  Ravager  
  111  8:59  Roach  
  114  9:04  Overseer  
  114  9:19  Overseer  
  114  9:26  Hydralisk x2  
  118  9:35  Zergling x2  
  118  9:36  Zergling x18  
  128  9:39  Zerg Missile Weapons Level 1  
  128  9:49  Extractor  
  127  9:53  Queen  
  127  9:57  Drone x5  
  127  9:58  Drone x2  
  136  10:18  Lurker  
  137  10:22  Overlord x3  
  137  10:30  Lurker  
  138  10:49  Hydralisk x4  
  140  10:50  Hydralisk x5  
  156  11:05  Evolution Chamber  
  156  11:06  Drone x6  
  156  11:07  Drone  
  89  11:30  Roach x2  
  89  11:31  Roach x7  
  74  11:44  Roach x2  
  74  11:45  Roach  
Tags
 
Add a new tag
Caveats
  • Supply blocks, unpowered buildings, or Contaminate may cause inaccurate times.
  • Supply counts are checked every 10 seconds.